 Dungeon Sprint DCSS version 0.27-a0-1502-g47ed6a6988 (webtiles) character file.

Game seed: 5652919248450478165

4559 tygod the Basher (level 10, -9/103 HPs)
             Began as a Black Draconian Berserker on July 8, 2021.
             Was the Champion of Trog.
             Mangled by a hornet (14 damage)
             ... in the Dungeon (Sprint VII: "The Pits").
             The game lasted 00:05:48 (1137 turns).

tygod the Basher (Black Draconian Berserker)        Turns: 1137, Time: 00:05:49

Health: -9/103     AC:  4    Str: 25    XL:     10   Next: 18%
Magic:  3/3        EV: 20    Int: 10    God:    Trog [******]
Gold:   0          SH:  0    Dex: 11    Spells: 9/9 levels left

rFire    . . .     SeeInvis .   r - +3 great mace (antimagic)
rCold    . . .     Faith    .   (shield currently unavailable)
rNeg     . . .     Spirit   .   (armour unavailable)
rPois    .         Reflect  .   (helmet restricted)
rElec    +         Harm     .   (no cloak)
rCorr    .         Rampage  .   q - +0 pair of gloves
Will     ++...     Clarity  +   (no boots) Stlth ++........NoTele +
                                (no amulet)
HPRegen  1.27/turn              l - +3 ring of strength
MPRegen  0.08/turn              m - +3 ring of evasion

@: strong-willed, corroded, unable to read, on berserk cooldown, regenerating,
slowed, very slow
A: breathe lightning, AC +7, unfitting armour, electricity resistance,
cold-blooded, antennae 1, clarity, clever 1, inability to read while threatened
a: Breathe Lightning, Renounce Religion, Berserk, Trog's Hand, Brothers in Arms


You were in the Dungeon.
You worshipped Trog.
Trog was exalted by your worship.
You visited 1 branch

Inventory:

Hand Weapons
 a - a +0 mace
 h - a +2 mace
 k - a +1 vorpal mace
 p - a +2 vorpal dire flail
 r - a +3 antimagic great mace (weapon)
Armour
 q - a +0 pair of gloves (worn)
Jewellery
 l - a +3 ring of strength (left hand)
 m - a +3 ring of evasion (right hand)
Scrolls
 g - a scroll of blinking
 j - a scroll of summoning
Potions
 b - 7 potions of curing
 c - 5 potions of heal wounds
 d - a potion of haste
 e - 4 potions of magic
 f - 5 potions of berserk rage
 i - 2 potions of invisibility
 n - 2 potions of resistance
 o - a potion of might


   Skills:
 + Level 14.0 Fighting
 + Level 14.4 Maces & Flails
 + Level 13.1 Dodging
 + Level 1.6 Stealth


You had 9 spell levels left.
You didn't know any spells.
Your spell library was empty.

Dungeon Overview and Level Annotations

Branches:
Dungeon (1/1)

Altars:
Ashenzari
Cheibriados
Dithmenos
Elyvilon
Fedhas
Gozag
Hepliaklqana
Kikubaaqudgha
Makhleb
Nemelex Xobeh
Okawaru
Qazlal
Ru
Sif Muna
Trog
Uskayaw
Vehumet
Wu Jian
Xom
Yredelemnul
Zin
The Shining One
Beogh
Jiyva
Lugonu


Innate Abilities, Weirdness & Mutations

You can breathe wild blasts of lightning.
Your glossy black scales are hard. (AC +7)
You cannot fit into any form of body armour.
You are resistant to electric shocks. (rElec)
You are cold-blooded and may be slowed by cold attacks.
You have a pair of small antennae on your head.
You possess an exceptional clarity of mind.
Your mind is acute. (Int +2)
You sometimes lose the ability to read scrolls when taking damage.


Message History

The hornet stings you but does no damage.
You can move again.
Unknown command.
Okay, then.
You feel much better. The hornet closely misses you.
The acid dragon closely misses you.
The acid dragon claws you but does no damage.
The hornet completely misses you.
Your skin crawls.
You feel strong-willed. The hornet closely misses you.
The acid dragon barely misses you.
The acid dragon claws you but does no damage.
The hornet stings you but does no damage.
The acid dragon closely misses you.
The acid dragon claws you but does no damage.
You hit the acid dragon but do no damage.
The hornet completely misses you. The acid dragon spits acid at you.
The splash of acid hits you.
* * * LOW HITPOINT WARNING * * *
The acid corrodes you!
You are splashed with acid!
* * * LOW HITPOINT WARNING * * *
The hornet barely misses you.
You sock the hornet!
The hornet is moderately wounded.
The hornet misses you. The acid dragon bites you!
* * * LOW HITPOINT WARNING * * *
The acid dragon claws you.
* * * LOW HITPOINT WARNING * * *
The hornet misses you. The acid dragon completely misses you.
The acid dragon misses you. The hornet misses you.
You hit the hornet but do no damage.
You tail-slap the hornet, but do no damage.
The hornet is lightly wounded.
The hornet stings you!
* * * LOW HITPOINT WARNING * * *
You feel as though you will be slow longer.
The acid dragon misses you. The acid dragon completely misses you.
The hornet stings you!
You die...

...#..#......#
.............+
.............+
...#..#......#
.............#
'#####')######
....##†'############
....##......+.))...###
....##......+..†@D...#
<...##.....##..##y....#
....##...###....###....#
....##..##........###.##
....##''#.†.#..#...# ..
######.............+ .
######++#...#..#...#
..[[# ##........## ..[.#
###....###


You could see a hornet and an acid dragon (catching breath).

Vanquished Creatures
  A deep troll (D)
  A sea snake (D)
  A swamp dragon (D)
  An elephant (D)
  An orange demon (D)
  A demonic crawler (D)
  A freezing wraith (D)
  An ice devil (D)
  A snapping turtle (D)
  A fire bat (D)
  A floating eye (D)
  Purgy (D)
  4 necrophages (D)
  An ice beast (D)
  A wolf (D)
  A centaur (D)
  A bullfrog (D)
  3 scorpions (D)
  6 killer bees (D)
  An orc wizard (D)
  A hell rat (D)
  2 adders (D)
  A worm (D)
  A bat (D)
  3 giant cockroaches (D)
  2 hobgoblins (D)
  A ball python (D)
  2 goblins (D)
  A jackal skeleton (D)
44 creatures vanquished.

Notes
Turn   | Place    | Note
-------+----------+-------------------------------------------
     0 | D        | tygod the Draconian Berserker began the quest for the Orb.
     0 | D        | Reached XP level 1. HP: 19/19 MP: 1/1
    11 | D        | Noticed a scorpion
    18 | D        | Killed a scorpion
    19 | D        | Reached skill level 5 in Fighting
    19 | D        | Reached skill level 5 in Maces & Flails
    19 | D        | Reached XP level 2. HP: 30/30 MP: 2/2
    19 | D        | Reached XP level 3. HP: 37/37 MP: 3/3
    40 | D        | Found a bloodstained altar of Trog.
    40 | D        | Found a shimmering blue altar of Sif Muna.
    40 | D        | Found a viscous altar of Jiyva.
    40 | D        | Found a hazy altar of Hepliaklqana.
    40 | D        | Found an opulent altar of Gozag.
    41 | D        | Found a glowing golden altar of the Shining One.
    41 | D        | Found a glowing silver altar of Zin.
    41 | D        | Found a basalt altar of Yredelemnul.
    41 | D        | Found a shimmering altar of Xom.
    41 | D        | Found an ornate altar of the Wu Jian Council.
    41 | D        | Found a sacrificial altar of Ru.
    41 | D        | Found a stormy altar of Qazlal.
    41 | D        | Found an iron altar of Okawaru.
    41 | D        | Found a sparkling altar of Nemelex Xobeh.
    41 | D        | Found a burning altar of Makhleb.
    41 | D        | Found a blossoming altar of Fedhas.
    41 | D        | Found a white marble altar of Elyvilon.
    41 | D        | Found a shadowy altar of Dithmenos.
    41 | D        | Found a snail-covered altar of Cheibriados.
    71 | D        | Noticed a scorpion
    77 | D        | Killed a scorpion
    78 | D        | Reached skill level 5 in Dodging
    78 | D        | Reached XP level 4. HP: 45/45 MP: 4/4
    78 | D        | Reached ** piety under Trog
   132 | D        | Noticed a floating eye
   135 | D        | Killed a floating eye
   136 | D        | Reached XP level 5. HP: 53/53 MP: 5/5
   280 | D        | Reached *** piety under Trog
   390 | D        | Noticed Purgy
   390 | D        | Noticed a fire bat
   391 | D        | Noticed an ice beast
   394 | D        | Killed a fire bat
   395 | D        | Reached XP level 6. HP: 63/63 MP: 6/6
   396 | D        | Killed Purgy
   398 | D        | Killed an ice beast
   398 | D        | Reached **** piety under Trog
   399 | D        | Your scales start taking on a glossy black colour.
   399 | D        | Reached XP level 7. HP: 63/71 MP: 7/7
   399 | D        | Gained mutation: You are resistant to electric shocks.
                  | (rElec) [Black Draconian growth]
   414 | D        | Reached skill level 10 in Fighting
   516 | D        | Reached skill level 10 in Maces & Flails
   518 | D        | Noticed a deep troll
   519 | D        | Killed a deep troll
   519 | D        | Reached ***** piety under Trog
   520 | D        | Reached skill level 10 in Dodging
   520 | D        | Reached XP level 8. HP: 68/82 MP: 8/8
   573 | D        | Noticed a swamp dragon
   573 | D        | Noticed an ice devil
   579 | D        | Killed a swamp dragon
   580 | D        | Reached XP level 9. HP: 75/91 MP: 9/9
   583 | D        | Killed an ice devil
   872 | D        | Gained mutation: You possess an exceptional clarity of
                  | mind. [potion of mutation]
   872 | D        | Gained mutation: Your mind is acute. (Int +2) [potion of
                  | mutation]
   872 | D        | Gained mutation: You sometimes lose the ability to read
                  | scrolls when taking damage. [potion of mutation]
   872 | D        | Gained mutation: You have a pair of small antennae on your
                  | head. [potion of mutation]
   937 | D        | Found a radiant altar of Vehumet.
   937 | D        | Found a corrupted altar of Lugonu.
   938 | D        | Found a hide-covered altar of Uskayaw.
   938 | D        | Found an ancient bone altar of Kikubaaqudgha.
   938 | D        | Found a broken altar of Ashenzari.
   959 | D        | Noticed a demonic crawler
   965 | D        | Killed a demonic crawler
   965 | D        | Received a gift from Trog
  1015 | D        | Noticed an orange demon
  1020 | D        | Noticed an elephant
  1022 | D        | Noticed a sea snake
  1023 | D        | Killed an orange demon
  1031 | D        | Killed an elephant
  1032 | D        | Reached skill level 1 in Stealth
  1034 | D        | Killed a sea snake
  1044 | D        | Received a gift from Trog
  1045 | D        | Reached XP level 10. HP: 62/102 MP: 10/10
  1122 | D        | Reached ****** piety under Trog
  1124 | D        | Received a gift from Trog
  1130 | D        | HP: 2/103 [hornet (13)]
  1130 | D        | Paralysed by a hornet for 3 turns
  1137 | D        | HP: 5/103 [hornet (7)]
  1137 | D        | Mangled by a hornet

Illustrated notes

Levels and vault maps discovered:
D:        pitsprint [storerooms_1, entrance_room_1, metal_vault_4, armoury_2,
          mini_pit_1, grid_room_1, main_hall_1, silver_pit, the_coven_1,
          the_vestibule_1, steel_vault_2, golden_pit, hallway_of_sentries,
          crystal_vault_1, iron_vault_3, final_vault]

Skill      XL: |  1  2  3  4  5  6  7  8  9 10 |
---------------+-------------------------------+-----
Fighting       | 5 6 8 9 11 12 13 14 | 14.0
Maces & Flails | 5 6 7 8 9 11 12 13 14 | 14.4
Dodging        | 4 5 6 7 8 10 11 12 13 | 13.1
Stealth        | 1 |  1.6

Action                   |  1- 3 |  4- 6 |  7- 9 | 10-12 || total
-------------------------+-------+-------+-------+-------++-------
Melee: Mace              |    11 |    21 |    26 |       ||    58
       Tailslap          |     1 |     4 |     7 |     4 ||    16
       Dire flail        |       |       |    28 |       ||    28
       Great mace        |       |       |       |    29 ||    29
Invok: Berserk           |     2 |     3 |     3 |     1 ||     9
       Brothers in Arms  |       |       |     1 |       ||     1
       Trog's Hand       |       |       |       |     2 ||     2
 Abil: Breathe Lightning |       |       |     6 |     1 ||     7
  Use: Potion            |       |       |     1 |     4 ||     5
Armor: Skin              |     2 |     6 |     7 |    23 ||    38
Dodge: Dodged            |     7 |    18 |    28 |   122 ||   175

Table legend: (Time is in decaauts)
 A = Elapsed time spent in this place.
 B = Non-inter-level travel time spent in this place.
 C = Inter-level travel time spent in this place.
 D = Time resting spent in this place.
 E = Time spent auto-exploring this place.
 F = Levels seen in this place.
 G = Mean time per level.
                   A        B        C        D        E       F      G
               +--------+--------+--------+--------+--------+-----+--------+
         Total |   1199 |   1199 |      0 |    758 |     59 |   1 | 1199.0 |
       Dungeon |   1199 |   1199 |      0 |    758 |     59 |   1 | 1199.0 |
               +--------+--------+--------+--------+--------+-----+--------+

Top non-repeatable levels by time:
       D: 1199 daAuts
